 Dungeon Crawl Stone Soup version 0.23-a0-358-g98c7a59 (webtiles) character file.

69213 Firecrotchwizard the Bludgeoner (level 15, -3/154 HPs)
             Began as a Gargoyle Berserker on Oct 22, 2018.
             Was the Champion of Trog.
             Slain by a titanic slime creature (90 damage)
             ... on level 14 of the Dungeon on Oct 23, 2018.
             The game lasted 00:47:24 (23050 turns).

Firecrotchwizard the Bludgeoner (GrBe)             Turns: 23050, Time: 00:47:24

Health: -3/154     AC: 38    Str: 30    XL:     15   Next: 29%
Magic:  15/15      EV: 11    Int:  9    God:    Trog [******]
Gold:   1580       SH:  4    Dex: 10    Spells: 14/14 levels left

rFire    . . .     SeeInvis .   v - +3 dire flail
rCold    . . .     Gourm    .   (shield currently unavailable)
rNeg     + . .     Faith    .   H - +0 plate armour
rPois    ∞         Spirit   .   r - +1 helmet
rElec    +         Reflect  +   L - +2 cloak
rCorr    +         Harm     .   C - +0 pair of gloves
MR       +....                  A - +2 pair of boots {Stlth+}
Stlth    ..........             R - +4 amulet of reflection
HPRegen  0.35/turn              n - ring of resist corrosion
MPRegen  0.14/turn              (no ring)

@: berserking, flying, very quick
A: big wings, negative energy resistance 1, electricity resistance, unbreathing,
petrification resistance, rot immunity, AC +11
a: Stop Flying, Berserk, Trog's Hand, Brothers in Arms, Renounce Religion


You were on level 14 of the Dungeon.
You worshipped Trog.
Trog was exalted by your worship.
You were not hungry.

You visited 2 branches of the dungeon, and saw 20 of its levels.

You collected 1580 gold pieces.

Inventory:

Hand Weapons
 m - a +2 arbalest of flaming
   (Trog gifted it to you on level 5 of the Lair of Beasts)
 v - a +3 dire flail (weapon)
   (You took it off a wight on level 8 of the Dungeon)
 y - a +1 antimagic flail
   (Trog gifted it to you on level 7 of the Dungeon)
 G - a +2 antimagic great mace
   (Trog gifted it to you on level 2 of the Lair of Beasts)
Missiles
 O - a throwing net {=f, !d}
Armour
 r - a +1 helmet (worn)
   (You took it off Robin on level 3 of the Dungeon)
 A - a +2 pair of boots of stealth (worn)
   (You acquired it on level 9 of the Dungeon)
 C - a +0 pair of gloves (worn)
   (You found it on level 5 of the Dungeon)
 H - a +0 plate armour (worn)
   (You found it on level 5 of the Dungeon)
 L - a +2 cloak (worn)
   (You found it on level 4 of the Lair of Beasts)
 N - a +2 pair of boots
   (You found it on level 10 of the Dungeon)
 Q - +0 steam dragon scales
   (You found it on level 6 of the Lair of Beasts)
Jewellery
 n - a ring of resist corrosion (left hand)
   (You found it on level 8 of the Dungeon)
 D - an uncursed ring of ice {rC+, rF-}
   (You found it on level 5 of the Dungeon)
 J - an uncursed amulet of rage {+Rage, !d}
   (You found it on level 5 of the Lair of Beasts)
 R - a +4 amulet of reflection (around neck)
   (You found it on level 10 of the Dungeon)
 T - an uncursed ring of fire {rF+, rC-}
   (You found it on level 10 of the Dungeon)
Wands
 d - a wand of acid (17)
   (You found it on level 8 of the Dungeon)
 j - a wand of flame (20)
   (You found it on level 4 of the Lair of Beasts)
 l - a wand of random effects (59)
   (You took it off Sigmund on level 2 of the Dungeon)
 o - a wand of iceblast (10)
   (You found it on level 1 of the Lair of Beasts)
 t - a wand of polymorph (7)
   (You took it off Ijyb on level 4 of the Dungeon)
Scrolls
 a - a scroll of silence
 b - 2 scrolls of blinking {!r}
 e - 4 scrolls of magic mapping {!r}
 g - 17 scrolls of identify
 k - 4 scrolls of fog
 p - 5 scrolls of teleportation
 s - 2 scrolls of fear
 u - 11 scrolls of remove curse
 X - a scroll of enchant weapon
Potions
 f - 5 potions of ambrosia {unknown}
 h - 20 potions of curing
 i - 3 potions of haste {unknown}
 q - a potion of lignification {unknown}
 w - 2 potions of berserk rage {unknown}
 x - 4 potions of brilliance {unknown}
 z - 2 potions of magic {unknown}
 B - 2 potions of agility
 E - 3 potions of invisibility {unknown}
 F - a potion of experience {unknown}
 I - 3 potions of might {unknown}
 K - 2 potions of mutation {unknown}
 M - 2 potions of heal wounds
 P - 6 potions of flight
 S - a potion of degeneration {unknown}
 W - 2 potions of resistance {unknown}
Comestibles
 c - 29 rations


   Skills:
 + Level 15.5 Fighting
 + Level 16.5 Maces & Flails
 + Level 13.1 Armour
 - Level 7.1 Dodging


You had 14 spell levels left.
You didn't know any spells.
Your spell library was empty.

Dungeon Overview and Level Annotations

Branches:
Dungeon (14/15)            Temple (0/1) D:5            Lair (6/6) D:9
 Shoals (0/4) Lair:2        Snake (0/4) Lair:3        Slime (0/5) Lair:6
    Orc (0/2) D:11         Vaults (0/5) D:13

Altars:
Fedhas
Nemelex Xobeh
Okawaru
Qazlal
Ru
Sif Muna
Trog
Wu Jian
Xom
Yredelemnul

Shops:
D:5 %   D:7 =

Annotations:
D:5 1 runed door
Lair:1 3 runed doors, blexxed's ghost, journeyman DsFi
Lair:4 2 runed doors, exclusion: ice statue, Yniddaas's ghost, journeyman DrAE
Lair:6 3 runed doors, Omilobli's ghost, journeyman TeVM


Innate Abilities, Weirdness & Mutations

You are resistant to torment.
Your stone body is resilient. (AC +11)
You are immune to poison.
Your large and strong wings let you fly indefinitely.
You resist negative energy. (rN+)
You are resistant to electric shocks. (rElec)
You can survive without breathing.
You are immune to petrification.
You are immune to rotting.


Message History

You puncture the skeletal warrior!
Your plate armour prevents you from hitting the skeletal warrior.
The skeletal warrior hits you with a +0 hand axe!
You take 9 damage, and have 73/103 hp.
You hit the skeletal warrior but do no damage.
You bludgeon the skeletal warrior!!
You destroy the skeletal warrior!
Trog accepts your kill.
You impale the skeletal warrior!! The skeletal warrior misses you.
You sock the skeletal warrior!
A slime creature comes into view.
You hit the skeletal warrior but do no damage.
You block the skeletal warrior's attack.
You closely miss the skeletal warrior. You hit the skeletal warrior.
The slime creature quivers.
You bludgeon the skeletal warrior!! You hit the skeletal warrior.
A slime creature suddenly disappears!
You hit the skeletal warrior but do no damage.
The skeletal warrior hits you but does no damage.
You hit the skeletal warrior.
You hit the skeletal warrior but do no damage.
A slime creature suddenly disappears!
The skeletal warrior hits you but does no damage.
You barely miss the skeletal warrior. You barely miss the skeletal warrior.
The skeletal warrior hits you but does no damage.
You closely miss the skeletal warrior.
A slime creature comes into view.
The skeletal warrior hits you with a cursed -1 short sword!
You take 7 damage, and have 68/103 hp.
The slime creature quivers.
You impale the skeletal warrior!!
Drop what? 49/52 slots (_ for help) (? for menu, Esc to quit)
Really drop
U - a manual of Polearms {!d}?
You drop a manual of Polearms {!d}.
A slime creature suddenly disappears!
The skeletal warrior hits you but does no damage.
You sock the skeletal warrior!
You destroy the skeletal warrior!
Trog accepts your kill.
You hit the slime creature. You puncture the slime creature!
The slime creature hits you!
You take 11 damage, and have 58/103 hp.
You are too injured to fight recklessly!
You are too injured to fight recklessly!
You are too injured to fight recklessly!
You are too injured to fight recklessly!
You are too injured to fight recklessly!
You are too injured to fight recklessly!
You are too injured to fight recklessly!
You are too injured to fight recklessly!
You are too injured to fight recklessly!
You are too injured to fight recklessly!
You are too injured to fight recklessly!
You are too injured to fight recklessly!
You are too injured to fight recklessly!
You are too injured to fight recklessly!
You are too injured to fight recklessly!
You are too injured to fight recklessly!
You are too injured to fight recklessly!
You are too injured to fight recklessly!
A red film seems to cover your vision as you go berserk!
You feel yourself moving faster!
You feel mighty!
You feel a lot more hungry.
An enormous slime creature splits.
The slime creature hits you but does no damage.
You now have 88/154 hp.
You hit the slime creature. You impale the slime creature!!
A slime creature comes into view.
The slime creature hits you but does no damage.
You impale the slime creature!!
You kill the slime creature!
Trog accepts your kill.
You pound the skeletal warrior like an anvil!!!
Two slime creatures merge to form an enormous slime creature.
You barely miss the skeletal warrior.
The skeletal warrior hits you with a +0 dire flail.
You take 3 damage, and have 85/154 hp.
You puncture the skeletal warrior! You bludgeon the skeletal warrior!!
You feel the power of Trog in you as your rage grows.
You destroy the skeletal warrior!
Trog accepts your kill.
You impale the skeletal warrior!! You puncture the skeletal warrior!
You impale the skeletal warrior!!
The skeletal warrior closely misses you.
You bludgeon the skeletal warrior!!
You destroy the skeletal warrior!
Trog accepts your kill.
You spit the slime creature like a pig!!!
You thump the slime creature!
Two slime creatures merge to form a titanic slime creature.
You puncture the titanic slime creature!
You bludgeon the titanic slime creature!!
You impale the titanic slime creature!! You hit the titanic slime creature.
You hit the titanic slime creature. The titanic slime creature hits you!!!!
Ouch! That really hurt!
You die...

##.#.#.#.# ##..#))#.#
##.#.#.#.# ##
###..)##.# ...
###.†)##.#### .... #
##.)(...... .....
#......... ......####
#.........# .....zJ@.#
#.........#
......##.###.........#
..... #..##......<..
.... ##..#.........
... ##........... ..
###......... +
#........ ####.#### .#


You could see a skeletal warrior and a titanic slime creature.

Vanquished Creatures
  Gastronok (D:10)
  An ettin (D:13)
  A vault guard (D:13)
  2 ice dragons
  5 hydras
  2 death knights
  3 two-headed ogres
  2 death yaks
  Urug (D:10)
  Sonja (Lair:1)
  4 skeletal warriors (D:14)
  An unseen horror (D:14)
  A phantasmal warrior (D:13)
  A deep troll (shapeshifter) (D:13)
  A lindwurm (Lair:6)
  A deep elf mage (D:10)
  3 ugly things
  2 cyclopes (D:12)
  Joseph (D:8)
  A manticore (D:13)
  2 black mambas
  11 elephants
  2 molten gargoyles (Lair:6)
  2 torpor snails
  12 komodo dragons
  8 spiny frogs
  A centaur skeleton (D:12)
  5 kobold demonologists (D:14)
  A tengu conjurer (D:13)
  An efreet (D:13)
  2 rime drakes
  2 freezing wraiths (D:13)
  2 trolls
  17 blink frogs
  Prince Ribbit (D:9)
  A slime creature (D:14)
  3 polar bears
  10 hippogriffs
  4 hornets
  5 dream sheep (Lair:6)
  2 vampires (D:9)
  3 spriggans (Lair:3)
  54 yaks
  Sigmund (D:2)
  2 wraiths (D:13)
  A human (D:10)
  8 wyverns
  7 hungry ghosts
  A steam dragon (Lair:6)
  9 vampire mosquitoes
  Grum (D:10)
  2 basilisks
  4 nagas (Lair:3)
  5 hell hounds (Lair:6)
  Duvessa (D:4)
  10 water moccasins
  8 orc warriors
  7 porcupines
  2 sky beasts
  An eye of draining (D:14)
  14 ice beasts
  2 necrophages
  2 black bears
  An ogre (D:8)
  2 phantoms
  8 wolves
  4 centaurs
  10 crocodiles
  4 big kobolds
  Blork the orc (D:4)
  23 bullfrogs
  A wyvern zombie (D:8)
  Dowan (D:4)
  3 scorpions
  13 wights
  7 crimson imps
  6 centaur zombies
  A bullfrog zombie (D:10)
  5 lava snakes (Lair:6)
  2 quasits
  8 hounds
  12 orc priests
  A gnoll shaman (D:7)
  A jelly (D:8)
  22 orc wizards
  4 bullfrog skeletons
  Ijyb (D:4)
  Natasha (thrice) (D:3)
  5 iguanas
  8 worker ants
  A killer bee zombie (D:10)
  A hound zombie (D:5)
  2 hound skeletons
  A worker ant zombie (D:6)
  Robin (D:3)
  5 gnolls (D:7)
  A howler monkey skeleton (D:11)
  14 adders
  3 shadow imps
  2 white imps
  An adder skeleton (D:5)
  An adder zombie (D:6)
  2 worms
  A dart slug (D:1)
  7 leopard geckos
  46 orcs
  7 bats
  10 giant cockroaches
  14 goblins
  6 hobgoblins
  13 jackals
  18 kobolds
  4 quokkas
  2 ball pythons
  5 frilled lizards
  A quokka skeleton (D:4)
  7 rats
607 creatures vanquished.

Vanquished Creatures (collateral kills)
  A fire dragon (Lair:6)
  An orc (D:10)
2 creatures vanquished.

Vanquished Creatures (others)
  A jelly (D:13)
  2 fungi
  8 plants
11 creatures vanquished.

Grand Total: 620 creatures vanquished

Notes
Turn   | Place    | Note
-------+----------+-------------------------------------------
     0 | D:1      | Firecrotchwizard the Gargoyle Berserker began the quest for
                  | the Orb.
     0 | D:1      | Reached XP level 1. HP: 14/14 MP: 1/1
    48 | D:1      | Reached XP level 2. HP: 17/19 MP: 2/2
   310 | D:1      | Reached XP level 3. HP: 14/23 MP: 3/3
   741 | D:2      | Reached ** piety under Trog
  1043 | D:2      | Reached skill level 4 in Maces & Flails
  1043 | D:2      | Reached XP level 4. HP: 28/29 MP: 4/4
  1045 | D:2      | Reached skill level 3 in Armour
  1150 | D:2      | Noticed Sigmund
  1311 | D:2      | Killed Sigmund
  1311 | D:2      | Reached skill level 4 in Fighting
  1311 | D:2      | Reached skill level 5 in Maces & Flails
  1311 | D:2      | Reached XP level 5. HP: 34/34 MP: 5/5
  1455 | D:2      | Reached XP level 6. HP: 38/39 MP: 6/6
  1491 | D:2      | Found a deep blue altar of Sif Muna.
  1574 | D:3      | Found a faded altar of an unknown god.
  1895 | D:3      | Noticed Robin
  2020 | D:3      | Killed Robin
  2423 | D:3      | Reached skill level 4 in Armour
  2453 | D:3      | Noticed Natasha
  2460 | D:3      | Killed Natasha
  2756 | D:3      | Noticed Natasha
  2763 | D:3      | Killed Natasha
  2768 | D:3      | Noticed Natasha
  2775 | D:3      | Killed Natasha
  2775 | D:3      | Reached skill level 5 in Fighting
  2875 | D:4      | Noticed Dowan
  2876 | D:4      | Noticed Duvessa
  2913 | D:4      | Killed Dowan
  2913 | D:4      | Reached XP level 7. HP: 40/44 MP: 7/7
  3099 | D:4      | Reached *** piety under Trog
  3130 | D:4      | Reached skill level 6 in Maces & Flails
  3138 | D:4      | HP: 13/66 [Duvessa/+0 short sword (6)]
  3142 | D:4      | Killed Duvessa
  3147 | D:4      | HP: 11/66 [something/magic dart (4)]
  3461 | D:4      | Noticed Blork the orc
  3471 | D:4      | Killed Blork the orc
  3487 | D:4      | Reached skill level 5 in Armour
  3733 | D:4      | Noticed Ijyb
  3784 | D:4      | Killed Ijyb
  3784 | D:4      | Reached XP level 8. HP: 29/51 MP: 8/8
  4005 | D:5      | Entered Level 5 of the Dungeon
  4005 | D:5      | Found a runed door.
  4016 | D:5      | Reached skill level 7 in Maces & Flails
  4021 | D:5      | Reached skill level 6 in Fighting
  4078 | D:5      | Found an ornate altar of the Wu Jian Council.
  4319 | D:5      | Found Pijexed's Food Boutique.
  4540 | D:5      | Received a gift from Trog
  4574 | D:5      | Reached skill level 6 in Armour
  4588 | D:5      | Found a staircase to the Ecumenical Temple.
  4634 | D:5      | Found a basalt altar of Yredelemnul.
  4742 | D:5      | Reached **** piety under Trog
  4742 | D:5      | Reached skill level 8 in Maces & Flails
  5021 | D:6      | Reached XP level 9. HP: 44/56 MP: 9/9
  5108 | D:6      | Found a shimmering altar of Xom.
  5214 | D:6      | Reached skill level 7 in Fighting
  5523 | D:6      | Reached skill level 9 in Maces & Flails
  5528 | D:6      | You fall through a shaft for 3 floors!
  5586 | D:9      | Found a staircase to the Lair.
  5618 | D:9      | Reached skill level 7 in Armour
  6188 | D:9      | Noticed Prince Ribbit
  6393 | D:9      | Killed Prince Ribbit
  6393 | D:9      | Reached skill level 8 in Fighting
  6572 | D:9      | Identified a scroll of acquirement
  6670 | D:9      | Found a stormy altar of Qazlal.
  6687 | D:8      | Reached skill level 10 in Maces & Flails
  6709 | D:8      | Noticed Joseph
  6710 | D:8      | Reached ***** piety under Trog
  6734 | D:8      | Killed Joseph
  6734 | D:8      | Reached skill level 8 in Armour
  6734 | D:8      | Reached XP level 10. HP: 56/65 MP: 10/10
  7445 | D:7      | Reached skill level 2 in Dodging
  7458 | D:7      | Found Nerotu's Jewellery Boutique.
  7506 | D:7      | Reached skill level 9 in Fighting
  7506 | D:7      | Reached skill level 11 in Maces & Flails
  7766 | D:7      | Reached skill level 3 in Dodging
  7916 | D:7      | Found a bloodstained altar of Trog.
  7953 | D:7      | Received a gift from Trog
  8350 | D:6      | Found a white marble altar of Elyvilon.
  8352 | D:6      | Found a shimmering altar of Xom.
  8352 | D:6      | Found a sparkling altar of Nemelex Xobeh.
  8354 | D:6      | Found a blossoming altar of Fedhas.
  8354 | D:6      | Found a shimmering altar of Xom.
  8354 | D:6      | Found a sacrificial altar of Ru.
  8389 | D:6      | Noticed a two-headed ogre
  8398 | D:6      | Killed a two-headed ogre
  8525 | D:7      | Reached XP level 11. HP: 53/71 MP: 11/11
  8696 | D:7      | Found a sparkling altar of Nemelex Xobeh.
  8735 | D:7      | Reached skill level 12 in Maces & Flails
  9281 | D:9      | Reached skill level 4 in Dodging
  9776 | D:10     | Entered Level 10 of the Dungeon
  9776 | D:10     | Noticed Grum
  9795 | D:9      | Reached skill level 10 in Fighting
  9802 | D:10     | Killed Grum
  9845 | Lair:1   | Entered Level 1 of the Lair of Beasts
 10008 | Lair:1   | Noticed Sonja
 10021 | Lair:1   | Killed Sonja
 10124 | Lair:1   | Noticed blexxed's ghost (journeyman DsFi)
 10128 | Lair:1   | Found a runed gate.
 10128 | Lair:1   | Found a runed gate.
 10128 | Lair:1   | Found a runed gate.
 10902 | Lair:2   | Reached skill level 5 in Dodging
 10908 | Lair:2   | Reached skill level 13 in Maces & Flails
 10968 | Lair:2   | Noticed a death yak
 10968 | Lair:2   | Noticed a death yak
 11039 | Lair:1   | Reached XP level 12. HP: 79/79 MP: 12/12
 11046 | Lair:1   | Killed a death yak
 11046 | Lair:1   | Reached skill level 11 in Fighting
 11116 | Lair:2   | Killed a death yak
 11405 | Lair:2   | Received a gift from Trog
 11642 | Lair:2   | Reached skill level 6 in Dodging
 11920 | Lair:2   | Found a staircase to the Shoals.
 12234 | Lair:3   | Reached skill level 14 in Maces & Flails
 12495 | Lair:3   | Noticed an eight-headed hydra
 12515 | Lair:3   | Killed an eight-headed hydra
 12515 | Lair:3   | Reached skill level 12 in Fighting
 12516 | Lair:3   | HP: 25/121 [porcupine's spines (12)]
 12794 | Lair:3   | Reached skill level 7 in Dodging
 13139 | Lair:3   | Found a staircase to the Snake Pit.
 13317 | Lair:3   | Reached XP level 13. HP: 59/87 MP: 13/13
 13947 | Lair:4   | Noticed an ice dragon
 13976 | Lair:4   | Killed an ice dragon
 13976 | Lair:4   | Reached skill level 9 in Armour
 14591 | Lair:4   | Found a large runed door.
 14591 | Lair:4   | Found a large runed door.
 14613 | Lair:4   | Reached skill level 13 in Fighting
 14667 | Lair:4   | Reached ****** piety under Trog
 14773 | Lair:4   | Noticed Yniddaas's ghost (journeyman DrAE)
 15534 | Lair:5   | Reached skill level 10 in Armour
 16017 | Lair:5   | Received a gift from Trog
 16326 | Lair:6   | Entered Level 6 of the Lair of Beasts
 16670 | Lair:6   | Reached skill level 15 in Maces & Flails
 16917 | Lair:6   | Noticed a fire dragon
 17352 | Lair:6   | Found a large runed door.
 17353 | Lair:6   | Found a large runed door.
 17385 | Lair:6   | Killed a fire dragon
 17495 | Lair:6   | Gained mutation: Your large and strong wings let you fly
                  | indefinitely. [Gargoyle growth]
 17495 | Lair:6   | Reached XP level 14. HP: 85/95 MP: 14/14
 17503 | Lair:6   | Reached skill level 14 in Fighting
 17503 | Lair:6   | Reached skill level 11 in Armour
 17580 | Lair:6   | Found a runed gate.
 17580 | Lair:6   | Found a runed gate.
 17580 | Lair:6   | Found a runed gate.
 17580 | Lair:6   | Noticed Omilobli's ghost (journeyman TeVM)
 17704 | Lair:6   | Found a staircase to the Slime Pits.
 18956 | D:10     | Noticed Gastronok
 18985 | D:10     | Killed Gastronok
 19386 | D:10     | Received a gift from Trog
 19578 | D:10     | Noticed Urug
 19605 | D:10     | Killed Urug
 20229 | D:11     | Found a staircase to the Orcish Mines.
 20632 | D:12     | Reached skill level 12 in Armour
 21505 | D:12     | Reached skill level 16 in Maces & Flails
 21577 | D:13     | Found an iron altar of Okawaru.
 21699 | D:13     | Reached skill level 15 in Fighting
 22195 | D:13     | Reached XP level 15. HP: 98/103 MP: 15/15
 22630 | D:13     | Found a gate to the Vaults.
 22911 | D:14     | Reached skill level 13 in Armour
 22917 | D:14     | Received a gift from Trog
 23050 | D:14     | Slain by a titanic slime creature

Vault maps used:
D:1:      dpeg_arrival_pits
D:2:      lemuel_coloured_pillars_altar, uniq_sigmund
D:3:      chequers_ecumenical_altar_simple_redux, uniq_natasha, uniq_robin
D:4:      grunt_tough_drop, uniq_ijyb, uniq_duvessa, uniq_blork_the_orc
D:5:      lemuel_crystal_altar, minmay_temple_entry_statues, first_ration,
          serial_shops, shop, dk_yredelemnul_ordeal
D:6:      kennysheep_little_box, gup_sewer_entry_spiral, wad_floor_pattern_2,
          doesnt_xom_only_xom
D:7:      kennysheep_mini, serial_shops, kennysheep_mini_moat,
          nemelex_diamond_rough_becter
D:8:      uniq_joseph
D:9:      lemuel_crystal_altar, dpeg_oklobed_lair, uniq_prince_ribbit1
D:10:     grunt_pizzeria, kb_rosetta, uniq_gastronok, uniq_grum, uniq_urug
D:11:     david_orc_4, minmay_misc_feat_hallway
D:12:     kennysheep_opposing_triangles
D:13:     david_vaults_4, basic_altar, serial_bayou_ford_a
D:14:     nicolae_twisting_strands, nrook_pool_corridor
Lair:1:   gammafunk_ghost_split, nicolae_quartered_pool_little, uniq_sonja
Lair:2:   elwin_shoals_entry_rocks, chequers_serial_rivers_micro_a,
          grunt_forest_small_clearing_treed, serial_bayou_shore_a,
          lemuel_fruit_tree
Lair:3:   minmay_snake_entry_guardpost_medium, wad_woods_02
Lair:4:   ebering_ghost_disaster_area, serial_bayou, serial_bayou_pond_d,
          serial_bayou_pond_b, serial_bayou_lake_a, serial_bayou_pond_d,
          serial_bayou_pond_a, serial_bayou_pond_a, ice2_lemuel
Lair:5:   grunt_megastairs_3
Lair:6:   cheibrodos_lair_end_hotspot, slime_dummy, gammafunk_ghost_necromancy,
          lemuel_another_geyser

Skill      XL: |  1  2  3  4  5  6  7  8  9 10 11 12 13 14 15 |
---------------+----------------------------------------------+-----
Maces & Flails | 4 5 6 8 10 11 13 14 15 16 | 16.5
Armour         | 3 4 5 6 8 10 12 13 | 13.1
Fighting       | 4 5 6 8 9 10 12 13 15 | 15.5
Dodging        | 3 5 7 |  7.1

Action                   |  1- 3 |  4- 6 |  7- 9 | 10-12 | 13-15 || total
-------------------------+-------+-------+-------+-------+-------++-------
Melee: Mace              |   117 |    59 |       |       |       ||   176
       Spear             |       |    68 |   250 |       |       ||   318
       Flail             |       |    27 |   174 |    90 |       ||   291
       Unarmed           |       |       |    40 |       |       ||    40
       Dire flail        |       |       |       |   724 |  1410 ||  2134
       Great mace        |       |       |       |       |    12 ||    12
Throw: Javelin           |       |       |    27 |    23 |    15 ||    65
Invok: Trog's Hand       |       |     2 |     2 |       |     3 ||     7
       Berserk           |       |     1 |     3 |     5 |     4 ||    13
       Brothers in Arms  |       |       |       |       |     1 ||     1
 Abil: Fly               |       |       |       |       |     1 ||     1
Evoke: Wand              |       |       |     2 |     5 |     2 ||     9
  Use: Scroll            |       |       |    13 |     3 |    11 ||    27
 Stab: Paralysed         |       |       |       |     3 |       ||     3
  Eat: Chunk             |     1 |     7 |    17 |    27 |    24 ||    76
       Ration            |       |       |       |     1 |     5 ||     6
Armor: Leather armour    |    78 |    27 |       |       |       ||   105
       Scale mail        |       |    14 |    25 |       |       ||    39
       Chain mail        |       |       |   309 |   129 |       ||   438
       Plate armour      |       |       |       |   451 |   826 ||  1277
Dodge: Dodged            |   112 |    73 |   162 |   309 |   548 ||  1204
Block: Other             |       |       |       |       |    91 ||    91
       Reflection        |       |       |       |       |     1 ||     1

Table legend:
 A = Non-vault XP
 B = Vault XP
 C = Vault XP percentage of total XP
 D = Non-vault monster count
 E = Vault monster count
 F = Vault count percentage of total count
                 A         B        C        D         E       F
            +---------+---------+-------+---------+---------+-------
      Total |   71984 |   26893 |  27.2 |     501 |     108 |  17.7
            +---------+---------+-------+---------+---------+-------
        D:1 |      42 |       0 |   0.0 |      22 |       0 |   0.0
        D:2 |      72 |     212 |  74.6 |      21 |       1 |   4.5
        D:3 |     190 |      70 |  26.9 |      22 |      13 |  37.1
        D:4 |     267 |     383 |  58.9 |      17 |       5 |  22.7
        D:5 |     781 |       0 |   0.0 |      20 |       0 |   0.0
        D:6 |    1802 |      12 |   0.7 |      25 |       5 |  16.7
        D:7 |    3320 |       0 |   0.0 |      42 |       0 |   0.0
        D:8 |    1187 |     502 |  29.7 |      23 |       1 |   4.2
        D:9 |    2151 |     405 |  15.8 |      28 |       2 |   6.7
       D:10 |    3062 |    5162 |  62.8 |      38 |       9 |  19.1
       D:11 |    1959 |     736 |  27.3 |      20 |      15 |  42.9
       D:12 |    5085 |    1875 |  26.9 |      27 |       4 |  12.9
       D:13 |    8722 |    4355 |  33.3 |      40 |       5 |  11.1
       D:14 |    7327 |       0 |   0.0 |      20 |       0 |   0.0
     Lair:1 |    5572 |     820 |  12.8 |      25 |       1 |   3.8
     Lair:2 |    5267 |       0 |   0.0 |      20 |       0 |   0.0
     Lair:3 |    7438 |    2329 |  23.8 |      30 |      11 |  26.8
     Lair:4 |    7491 |    2312 |  23.6 |      23 |       9 |  28.1
     Lair:5 |    1904 |    1688 |  47.0 |       9 |       3 |  25.0
     Lair:6 |    8345 |    6032 |  42.0 |      29 |      24 |  45.3
            +---------+---------+-------+---------+---------+-------

Vault maps used:
D:1:      dpeg_arrival_pits
D:2:      lemuel_coloured_pillars_altar, uniq_sigmund
D:3:      chequers_ecumenical_altar_simple_redux, uniq_natasha, uniq_robin
D:4:      grunt_tough_drop, uniq_ijyb, uniq_duvessa, uniq_blork_the_orc
D:5:      lemuel_crystal_altar, minmay_temple_entry_statues, first_ration,
          serial_shops, shop, dk_yredelemnul_ordeal
D:6:      kennysheep_little_box, gup_sewer_entry_spiral, wad_floor_pattern_2,
          doesnt_xom_only_xom
D:7:      kennysheep_mini, serial_shops, kennysheep_mini_moat,
          nemelex_diamond_rough_becter
D:8:      uniq_joseph
D:9:      lemuel_crystal_altar, dpeg_oklobed_lair, uniq_prince_ribbit1
D:10:     grunt_pizzeria, kb_rosetta, uniq_gastronok, uniq_grum, uniq_urug
D:11:     david_orc_4, minmay_misc_feat_hallway
D:12:     kennysheep_opposing_triangles
D:13:     david_vaults_4, basic_altar, serial_bayou_ford_a
D:14:     nicolae_twisting_strands, nrook_pool_corridor
Lair:1:   gammafunk_ghost_split, nicolae_quartered_pool_little, uniq_sonja
Lair:2:   elwin_shoals_entry_rocks, chequers_serial_rivers_micro_a,
          grunt_forest_small_clearing_treed, serial_bayou_shore_a,
          lemuel_fruit_tree
Lair:3:   minmay_snake_entry_guardpost_medium, wad_woods_02
Lair:4:   ebering_ghost_disaster_area, serial_bayou, serial_bayou_pond_d,
          serial_bayou_pond_b, serial_bayou_lake_a, serial_bayou_pond_d,
          serial_bayou_pond_a, serial_bayou_pond_a, ice2_lemuel
Lair:5:   grunt_megastairs_3
Lair:6:   cheibrodos_lair_end_hotspot, slime_dummy, gammafunk_ghost_necromancy,
          lemuel_another_geyser

Table legend:
 A = Turns spent in this place as a percentage of turns spent in the entire game.
 B = Non-inter-level travel turns spent in this place as a percentage of non-inter-level travel turns spent in the entire game.
 C = Inter-level travel turns spent in this place as a percentage of turns spent in this place.
 D = Turns resting spent in this place as a percentage of non-inter-level travel turns spent in this place.
 E = Turns spent auto-exploring this place as a percentage of non-inter-level travel turns spent in this place.
 F = Non-inter-level travel turns spent in this place divided by the number of levels of this place that you've seen.
                   A       B       C       D       E      F
               +-------+-------+-------+-------+-------+----------------------
         Total | 100.0 | 100.0 |   3.4 |  28.8 |  47.2 | 1113.2
       Dungeon |  62.7 |  62.7 |   3.3 |  25.7 |  48.6 | 997.4
          Lair |  37.3 |  37.3 |   3.5 |  34.0 |  44.7 | 1383.5
               +-------+-------+-------+-------+-------+----------------------

Table legend:
 A = Kills in this place as a percentage of kills in entire the game.
 B = Kills by you in this place as a percentage of kills by you in the entire game.
 C = Kills by friends in this place as a percentage of kills by friends in the entire game.
 D = Other kills in this place as a percentage of other kills in the entire game.
 E = Experience gained in this place as a percentage of experience gained in the entire game.
 F = Experience gained in this place divided by the number of levels of this place that you have seen.
                   A       B       C       D       E      F
               +-------+-------+-------+-------+-------+----------------------
         Total | 100.0 | 100.0 | 100.0 |   N/A | 100.0 | 4943.9
       Dungeon |  69.8 |  69.9 |  50.0 |   N/A |  50.2 | 3548.5
          Lair |  30.2 |  30.1 |  50.0 |   N/A |  49.8 | 8199.7
               +-------+-------+-------+-------+-------+----------------------
